 Dungeon Crawl Stone Soup version 0.29.1-2-gbd0b4ee654 (webtiles) character file.

Game seed: 4903799945051126490

20660 Muataran the Cruncher (level 12, -3/103 HPs)
             Began as a Palentonga Fighter on Nov 8, 2022.
             Was a High Priest of Makhleb.
             Slain by a cane toad (18 damage)
             ... on level 2 of the Lair of Beasts.
             The game lasted 00:31:47 (16135 turns).

Muataran the Cruncher (Palentonga Fighter)         Turns: 16135, Time: 00:31:47

Health: -3/103     AC: 24    Str: 24    XL:     12   Next: 47%
Magic:  18/18      EV:  7    Int: 16    God:    Makhleb [*****.]
Gold:   472        SH:  0    Dex:  5    Spells: 11/11 levels left

rFire   + . .      SeeInvis +   o - +4 quarterstaff of Aclod {freeze, rPois rCorr Int+5 Dex-5}
rCold   + + +      Faith    .   (shield currently unavailable)
rNeg    + . .      Spirit   .   B - +7 chain mail of Gluttony {rC++ rN+}
rPois   +          Reflect  .   E - +1 hat {Stlth+}
rElec   .          Harm     .   O - scarf {rC+ rF+}
rCorr   +          Rampage  .   (no gloves)
Will    .....                   (no barding)
Stlth   ..........              (no amulet)
HPRegen 0.27/turn               (no ring)
MPRegen 0.16/turn               (no ring)

@: lethally poisoned (-3 -> -30), slowed, curled up, very slow
A: large, rugged brown scales 3, see invisible, deformed body, roll 1, armoured
tail, reflexive curl
a: Rolling Charge, Renounce Religion, Minor Destruction, Lesser Servant of
Makhleb, Major Destruction, Greater Servant of Makhleb


You were on level 2 of the Lair of Beasts.
You worshipped Makhleb.
Makhleb was extremely pleased with you.
You visited 2 branches of the dungeon, and saw 13 of its levels.

You collected 738 gold pieces.
You spent 266 gold pieces at shops.

Inventory:

Hand Weapons
 a - a +0 long sword
 o - the +4 quarterstaff of Aclod (weapon) {freeze, rPois rCorr Int+5 Dex-5}
   (You found it on level 2 of the Dungeon)

   It freezes those it strikes, dealing additional cold damage.
   It can also slow down cold-blooded creatures.
   Int:       It affects your intelligence (+5).
   Dex:       It affects your dexterity (-5).
   rPois:     It protects you from poison.
   rCorr:     It protects you from acid and corrosion.
 K - a +2 dire flail of protection
Missiles
 m - 6 silver javelins
 x - 5 throwing nets
Armour
 c - a +0 buckler
 g - a +0 buckler of poison resistance
 B - the +7 chain mail of Gluttony (worn) {rC++ rN+}
   (You bought it in a shop on level 4 of the Dungeon)

   rC:        It greatly protects you from cold.
   rN:        It protects you from negative energy.
 E - a +1 hat of stealth (worn)
 O - a scarf of resistance (worn)
Jewellery
 l - a ring of willpower
 r - an amulet of faith
 D - an amulet of guardian spirit
 L - a ring of magical power
 S - an amulet of magic regeneration
Wands
 d - a wand of flame (55)
 k - a wand of paralysis (13)
 t - a wand of mindburst (9)
 w - a wand of polymorph (8)
 P - a wand of light (5)
Scrolls
 p - 3 scrolls of noise
 v - a scroll of summoning {unknown}
 y - 3 scrolls of amnesia {unknown}
 A - 2 scrolls of teleportation
 C - 3 scrolls of butterflies
 H - 4 scrolls of silence {unknown}
 I - 6 scrolls of identify
 J - a scroll of poison {unknown}
 M - 2 scrolls of enchant armour
 N - a scroll of enchant weapon {unknown}
 Q - a scroll of vulnerability {unknown}
Potions
 b - 5 potions of curing
 e - 2 potions of attraction
 f - 2 potions of cancellation
 h - 2 potions of magic {unknown}
 i - 7 potions of lignification
 j - 4 potions of heal wounds
 n - 2 potions of degeneration {unknown}
 q - 4 potions of mutation
 s - 2 potions of might
 u - 3 potions of haste {unknown}
 z - 2 potions of brilliance {unknown}
 F - 2 potions of resistance {unknown}
 R - a potion of flight {unknown}
 T - 13 potions of ambrosia
 U - a potion of berserk rage {unknown}


   Skills:
 + Level 9.9 Fighting
 - Level 2.5 Long Blades
 * Level 13.0 Staves
 - Level 6.0 Armour
 + Level 5.9 Dodging
 - Level 6.0 Shields
 + Level 8.1 Invocations


You had 11 spell levels left.
You didn't know any spells.
Your spell library contained the following spells:

 Spells                   Type           Power      Damage    Failure   Level
 Apportation              Tloc           0%         N/A       85%         1
 Magic Dart               Conj           0%         1d3       85%         1
 Sandblast                Erth           0%         2d4       85%         1
 Blink                    Tloc           0%         N/A       94%         2
 Call Imp                 Summ           0%         N/A       94%         2
 Passwall                 Tmut/Erth      0%         N/A       94%         2
 Scorch                   Fire           0%         2d5       94%         2
 Lesser Beckoning         Tloc           0%         N/A       99%         3
 Mephitic Cloud           Conj/Pois/Air  0%         N/A       99%         3
 Stone Arrow              Conj/Erth      0%         3d7       99%         3
 Flame Wave               Conj/Fire      0%         2d4       100%        4
 Alistair's Intoxication  Tmut/Pois      0%         N/A       100%        5
 Manifold Assault         Tloc           0%         N/A       100%        5
 Dispersal                Tloc           0%         N/A       100%        6
 Summon Cactus Giant      Summ           0%         N/A       100%        6
 Borgnjor's Revivificati  Necr           0%         N/A       100%        8
 Disjunction              Tloc           0%         N/A       100%        8
 Necromutation            Tmut/Necr      0%         N/A       100%        8
 Death's Door             Necr           0%         N/A       100%        9


Dungeon Overview and Level Annotations

Branches:
Dungeon (11/15)            Temple (0/1) D:7            Lair (2/5) D:11
  Swamp: Lair:2-3    Shoals: Lair:2-3     Snake: Lair:2-3    Spider: Lair:2-3
    Orc: D:9-12

Altars:
Dithmenos
Elyvilon
Fedhas
Hepliaklqana
Kikubaaqudgha
Makhleb
Qazlal
Sif Muna
Trog
Vehumet
Yredelemnul
Zin
The Shining One

Shops:
D:4 [

Annotations:
D:7 3 runed translucent doors, qeuew's ghost, novice TrGl
D:8 1 transporter


Innate Abilities, Weirdness & Mutations

You are completely covered in rugged brown scales. (AC +3, +7% HP)
You have supernaturally acute eyesight. (SInv)
Armour fits poorly on your strangely shaped body.
You can roll at nearby foes to attack.
You have a long armoured tail.
You curl defensively after being hit. (AC +7*)


Message History

The cane toad stings you!
Unknown command.
You hit the dream sheep. You freeze the dream sheep.
You kill the dream sheep!
Makhleb accepts your kill.
You feel sick.
The cane toad is no longer moving slowly.
The water moccasin bites you.
You are more poisoned.
The water moccasin poisons you! The dream sheep bites you!
The water moccasin bites you but does no damage.
Your Staves skill increases to level 13!
You barely miss the dream sheep.
You feel very sick. The cane toad completely misses you.
The water moccasin bites you but does no damage.
The cane toad closely misses you.
You hit the torpor snail but do no damage.
You feel very sick.
The water moccasin bites you but does no damage.
The cane toad barely misses you. The water moccasin bites you.
You hit the dream sheep. You freeze the dream sheep.
Your tail-slap misses the dream sheep.
The dream sheep is moderately wounded.
You feel very sick. The cane toad stings you!
You are lethally poisoned!
The cane toad poisons you!
The dream sheep ruffles its wool and motes of dream dust sparkle, to no effect.
The water moccasin bites you. The torpor snail bites you.
* * * LOW HITPOINT WARNING * * *
A demon appears!
* * * LOW HITPOINT WARNING * * *
You feel extremely sick.
The water moccasin bites you but does no damage.
The cane toad stings you but does no damage.
The dream sheep closely misses you.
The water moccasin bites you but does no damage.
The cane toad stings you!!
You die...

......# ##..............#..#
......### #...................
####..#P#####.................#
# #..#....##.....P........#..
##........................
#.........................
##....####...3..P..... #..###
##†.....[.... #..# #..F@†......
#..# #..YSwP....) #..#
#.......P.... #..#
##........... ####
#............ ........#.....
#........[....^ ..##...........


You could see a torpor snail, a cane toad (ally target), a water moccasin, a
dream sheep and a friendly smoke demon (summoned).

Vanquished Creatures
  Gastronok (D:8)
  Harold (D:10)
  3 two-headed ogres
  2 hydras
  A centaur warrior (D:9)
  A manticore (D:11)
  Maurice (D:8)
  A gargoyle (D:11)
  3 cane toads
  3 rime drakes
  3 unseen horrors
  A komodo dragon (Lair:1)
  A queen bee (Lair:1)
  A polar bear (Lair:2)
  2 trolls
  A hornet (D:9)
  Grinder (D:3)
  A dream sheep (Lair:2)
  Sigmund (D:3)
  A shadow (D:5)
  20 yaks
  Grum (Lair:1)
  2 steam dragons
  2 acid dragons (D:10)
  3 water moccasins
  An ice beast (D:8)
  4 orc warriors
  2 sky beasts
  3 black bears (D:7)
  7 centaurs
  An ogre (D:7)
  10 wolves (Lair:1)
  3 phantoms
  4 kobold brigands
  2 necrophages
  7 bullfrogs
  2 scorpions
  3 wights
  32 killer bees
  3 howler monkeys
  5 jellies
  5 orc priests
  A hound (D:5)
  A gnoll bouda (D:6)
  Ijyb (D:3)
  Natasha (thrice) (D:2)
  Terence (D:3)
  3 iguanas
  2 orc wizards
  2 hound zombies (D:3)
  Robin (D:3)
  14 gnolls
  A howler monkey skeleton (D:3)
  5 adders
  A shadow imp (D:5)
  2 white imps
  An ufetubus (D:6)
  2 worms (D:3)
  3 dart slugs
  22 orcs
  8 endoplasms
  4 giant cockroaches
  8 goblins
  15 hobgoblins
  11 jackals
  7 quokkas
  6 ball pythons
  A ball python zombie (D:3)
  7 bats
  3 frilled lizards
  A giant cockroach zombie (D:3)
  47 kobolds
  A quokka skeleton (D:3)
  6 rats
343 creatures vanquished.

Vanquished Creatures (others)
  9 fungi
  15 plants
24 creatures vanquished.

Grand Total: 367 creatures vanquished

Notes
Turn   | Place    | Note
-------+----------+-------------------------------------------
     0 | D:1      | Muataran the Palentonga Fighter began the quest for the
                  | Orb.
     0 | D:1      | Reached XP level 1. HP: 19/19 MP: 1/1
    68 | D:1      | Found a faded altar of an unknown god.
   254 | D:1      | Reached XP level 2. HP: 23/25 MP: 2/2
   799 | D:2      | Reached XP level 3. HP: 15/31 MP: 3/3
  1313 | D:2      | Identified the +4 quarterstaff of Aclod {freeze, rPois
                  | rCorr Int+5 Dex-5}
  1497 | D:3      | Noticed Sigmund
  1504 | D:3      | Killed Sigmund
  1505 | D:3      | Reached skill level 2 in Staves
  1505 | D:3      | Reached XP level 4. HP: 37/39 MP: 4/4
  1505 | D:3      | Reached XP level 5. HP: 42/44 MP: 5/5
  1552 | D:3      | Noticed Ijyb
  1552 | D:3      | Noticed Grinder
  1564 | D:3      | Killed Ijyb
  1565 | D:3      | Killed Grinder
  1566 | D:3      | Reached skill level 3 in Staves
  1566 | D:3      | Reached XP level 6. HP: 43/52 MP: 6/6
  1624 | D:3      | Noticed Robin
  1637 | D:3      | Killed Robin
  1859 | D:4      | Found Siconn's Antique Armour Shop.
  1925 | D:4      | Found a radiant altar of Vehumet.
  1925 | D:4      | Found an ancient bone altar of Kikubaaqudgha.
  1928 | D:4      | Found a burning altar of Makhleb.
  1933 | D:4      | Found a basalt altar of Yredelemnul.
  1936 | D:4      | Found a stormy altar of Qazlal.
  1938 | D:4      | Found a shadowy altar of Dithmenos.
  1941 | D:4      | Found a shimmering blue altar of Sif Muna.
  1944 | D:4      | Found a hazy altar of Hepliaklqana.
  1945 | D:4      | Found a blossoming altar of Fedhas.
  1962 | D:4      | Became a worshipper of Makhleb the Destroyer
  2000 | D:4      | Gained mutation: You curl defensively after being hit. (AC
                  | +7*) [Palentonga growth]
  2000 | D:4      | Reached XP level 7. HP: 50/58 MP: 7/7
  2020 | D:4      | Reached skill level 4 in Staves
  2066 | D:4      | Found a bloodstained altar of Trog.
  2301 | D:5      | Entered Level 5 of the Dungeon
  2456 | D:5      | Noticed a shadow
  2471 | D:5      | Killed a shadow
  2472 | D:5      | Reached skill level 5 in Fighting
  2708 | D:5      | Reached skill level 5 in Staves
  2906 | D:5      | Found a glowing silver altar of Zin.
  2906 | D:5      | Found a glowing golden altar of the Shining One.
  2906 | D:5      | Found a white marble altar of Elyvilon.
  2989 | D:6      | Reached XP level 8. HP: 59/66 MP: 8/8
  3277 | D:6      | Reached * piety under Makhleb
  3452 | D:6      | Reached skill level 6 in Staves
  3452 | D:6      | Reached skill level 5 in Shields
  4441 | D:2      | Noticed Natasha
  4443 | D:2      | Killed Natasha
  4628 | D:2      | Noticed Natasha
  4633 | D:2      | Killed Natasha
  4695 | D:2      | Noticed Natasha
  4699 | D:2      | Killed Natasha
  5260 | D:3      | Reached skill level 5 in Armour
  5540 | D:3      | Reached ** piety under Makhleb
  5680 | D:3      | Noticed Terence
  5694 | D:3      | Killed Terence
  5768 | D:3      | Reached skill level 7 in Staves
  5768 | D:3      | Reached XP level 9. HP: 60/73 MP: 9/9
  6462 | D:4      | Reached *** piety under Makhleb
  6702 | D:4      | Bought a transparent chain mail for 266 gold pieces
  6702 | D:4      | Identified the +7 chain mail of Gluttony {rC++ rN+} (You
                  | bought it in a shop on level 4 of the Dungeon)
  7197 | D:7      | Reached skill level 8 in Staves
  7361 | D:7      | Noticed a boulder beetle
  7365 | D:7      | Found a runed translucent gate.
  7365 | D:7      | Found a runed translucent gate.
  7365 | D:7      | Found a runed translucent gate.
  7365 | D:7      | Noticed a troll
  7365 | D:7      | Noticed qeuew's ghost (novice TrGl)
  7367 | D:7      | Reached skill level 1 in Invocations
  7483 | D:7      | Found a staircase to the Ecumenical Temple.
  7852 | D:8      | Found a transporter.
  7852 | D:8      | Found a transporter.
  7893 | D:8      | Noticed an unseen horror
  7920 | D:8      | Killed an unseen horror
  8144 | D:8      | Noticed Gastronok
  8156 | D:8      | Killed Gastronok
  8157 | D:8      | Reached skill level 9 in Staves
  8157 | D:8      | Reached skill level 1 in Dodging
  8157 | D:8      | Reached XP level 10. HP: 50/84 MP: 10/12
  8305 | D:8      | Noticed Maurice
  8312 | D:8      | Killed Maurice
  8611 | D:8      | Noticed a two-headed ogre
  8615 | D:8      | Killed a two-headed ogre
  9496 | D:9      | Noticed a centaur warrior
  9501 | D:8      | Reached skill level 10 in Staves
  9723 | D:9      | Killed a centaur warrior
  9724 | D:9      | Reached skill level 5 in Invocations
  9849 | D:9      | Noticed a two-headed ogre
  9858 | D:9      | Killed a two-headed ogre
  9859 | D:9      | Reached XP level 11. HP: 59/92 MP: 14/14
 10101 | D:9      | Reached **** piety under Makhleb
 10467 | D:9      | Reached skill level 11 in Staves
 10832 | D:10     | Entered Level 10 of the Dungeon
 10855 | D:10     | Noticed Harold
 10868 | D:10     | Killed Harold
 11229 | D:10     | Noticed a two-headed ogre
 11251 | D:10     | Killed a two-headed ogre
 12132 | D:11     | Found a staircase to the Lair.
 12580 | D:11     | Noticed a five-headed hydra
 12599 | D:11     | Killed a five-headed hydra
 12600 | D:11     | Reached skill level 12 in Staves
 12600 | D:11     | Reached skill level 5 in Dodging
 13284 | Lair:1   | Entered Level 1 of the Lair of Beasts
 13706 | Lair:1   | Reached XP level 12. HP: 101/101 MP: 17/17
 13757 | Lair:1   | Noticed Grum
 13785 | Lair:1   | Killed Grum
 14161 | Lair:1   | Reached ***** piety under Makhleb
 14296 | Lair:1   | Noticed a seven-headed hydra
 14315 | Lair:1   | HP: 4/103 [poisoned by a killer bee]
 15299 | Lair:1   | Killed a seven-headed hydra
 16132 | Lair:2   | Reached skill level 13 in Staves
 16135 | Lair:2   | Slain by a cane toad

Illustrated notes

Levels and vault maps discovered:
D:1:      lightli_arrival_farm, layout_basic,
          chequers_ecumenical_altar_simple_redux
D:2:      layout_rooms, uniq_natasha
D:3:      minmay_goblin_kobold_castle, layout_basic, serial_undead,
          serial_undead_d, serial_undead_a, serial_undead_f, serial_undead_f,
          uniq_robin, uniq_sigmund, uniq_ijyb, uniq_grinder, uniq_terence
D:4:      nicolae_cairo_tiling_large_dashed, layout_loops_corners,
          nicolae_overflow_hallway_of_the_gods, trog_butcher_becter,
          serial_shops, nicolae_stop_n_shop_1
D:5:      layout_basic, good_gods_mini_temple
D:6:      layout_basic
D:7:      layout_rooms, minmay_temple_entry_hall, gammafunk_ghost_split
D:8:      layout_basic, corner_web_ring, nicolae_diode_stairs, uniq_gastronok,
          uniq_maurice
D:9:      layout_cave_pools, minmay_microvault
D:10:     layout_basic, chequers_mini_garden, uniq_harold
D:11:     layout_loops_corners, dpeg_oklobed_lair
Lair:1:   layout_roguey [special_room_bee], uniq_grum
Lair:2:   layout_gridlike, nicolae_spider_entry_orb_guardian

Skill      XL: |  1  2  3  4  5  6  7  8  9 10 11 12 |
---------------+-------------------------------------+-----
Shields        | 3 4 5 6 |  6.0
Fighting       | 4 5 6 7 8 9 |  9.9
Staves         | 2 3 5 7 9 10 12 13 | 13.0
Armour         | 3 4 5 6 |  6.0
Invocations    | 3 5 7 8 |  8.1
Dodging        | 1 3 5 |  5.9
Long Blades    | |  2.5

Action                   |  1- 3 |  4- 6 |  7- 9 | 10-12 || total
-------------------------+-------+-------+-------+-------++-------
Melee: Long sword        |   121 |       |       |       ||   121
       Tailslap          |    11 |     7 |    39 |    53 ||   110
       Quarterstaff      |     8 |    60 |   358 |   559 ||   985
Invok: Minor Destruction |       |       |       |     4 ||     4
       Lesser Servant of |       |       |       |     1 ||     1
 Abil: Rolling Charge    |     4 |     2 |    44 |    42 ||    92
Evoke: Wand              |       |       |       |     8 ||     8
  Use: Scroll            |     7 |     1 |     6 |     1 ||    15
       Potion            |     1 |       |     1 |     3 ||     5
 Stab: Paralysed         |       |       |       |     3 ||     3
Armor: Scale mail        |    39 |       |       |       ||    39
       Chain mail        |    82 |    36 |    93 |   357 ||   568
       Plate armour      |       |       |   145 |       ||   145
Dodge: Dodged            |    56 |    22 |    87 |   195 ||   360
Block: Buckler           |    30 |       |       |       ||    30
